 Dungeon Crawl Stone Soup version 0.16.2-12-gd0ad4c3 (webtiles) character file.

599 faibistes the Magician (level 7, -2/39 HPs)
             Began as a Deep Elf Wizard on Feb 4, 2019.
             Slain by a worker ant (4 damage)
             ... on level 5 of the Dungeon.
             The game lasted 00:13:05 (5767 turns).

faibistes the Magician (Deep Elf Wizard)            Turns: 5767, Time: 00:13:05

Health: -2/39      AC:  2    Str:  4      XL:     7   Next: 17%
Magic:  23/25      EV: 13    Int: 25      God:
Gold:   172        SH:  0    Dex: 11 (13) Spells: 6 memorised, 8 levels left

rFire  + . .     SeeInvis .     w - +0 dagger (elec)
rCold  . . .     Clarity  .     a - +0 robe
rNeg   . . .     SustAb   .     (no shield)
rPois  .         Gourm    .     b - +0 hat
rElec  .         Spirit   .     (no cloak)
rCorr  .         Warding  .     (no gloves)
rMut   .         Stasis   .     (no boots)
MR     .....                    r - amulet of rage
Stlth  ++........               (no ring)
                                o - ring of protection from fire

@: lethally poisoned (-2 -> -4), repel missiles, not resistant to hostile
enchantments, unstealthy
A: no striking features
a: Evoke Berserk Rage


You were on level 5 of the Dungeon.
You were hungry.

You visited 1 branch of the dungeon, and saw 6 of its levels.

You collected 172 gold pieces.

Inventory:

Hand weapons
 g - a +0 dagger
 w - a +0 dagger of electrocution (weapon)
 x - a +0 hand axe of freezing
Armour
 a - a +0 robe (worn)
 b - a +0 hat (worn)
Jewellery
 o - a ring of protection from fire (left hand)
 r - an amulet of rage (around neck)
Magical devices
 q - a wand of confusion (16)
 B - a wand of confusion (25)
Scrolls
 e - 3 scrolls of magic mapping {unknown}
 h - a scroll of remove curse {unknown}
 j - a scroll of amnesia {unknown}
 k - a scroll of enchant armour {unknown}
 m - 3 scrolls of noise {unknown}
 n - 2 scrolls of blinking {unknown}
 t - a scroll of teleportation {unknown}
 y - a scroll of fear {unknown}
 D - a scroll of recharging {unknown}
 E - a scroll of enchant weapon {unknown}
Potions
 f - a potion of cure mutation
 l - a potion of haste
 p - a potion of magic
 s - a potion of brilliance
 u - a potion of degeneration {unknown}
 v - 2 potions of curing
 z - a potion of might {unknown}
 C - a potion of agility {unknown}
Books
 c - a book of Minor Magic

   Spells                             Type                      Level
   a - Magic Dart                     Conjuration                  1
   b - Blink                          Translocation                2
   c - Call Imp                       Summoning                    2
   d - Repel Missiles                 Charms/Air                   2
   e - Slow                           Hexes                        2
   f - Conjure Flame                  Conjuration/Fire             3
   g - Mephitic Cloud                 Conjuration/Poison/Air       3
Comestibles
 d - 5 bread rations
 i - 2 beef jerkies
 A - a meat ration


   Skills:
 * Level 1.7 Fighting
 + Level 4.3 Dodging
 - Level 2.4 Stealth
 * Level 7.7 Spellcasting
 - Level 3.8 Conjurations
 - Level 1.1 Summonings
 - Level 2.3 Translocations
 + Level 2.0 Evocations


You had 8 spell levels left.
You knew the following spells:

 Your Spells              Type           Power        Failure   Level  Hunger
a - Magic Dart            Conj           ####         1%          1    None
b - Conjure Flame         Conj/Fire      ###.....     12%         3    None
c - Call Imp              Summ           ###.....     8%          2    None
d - Blink                 Tloc           N/A          4%          2    None
e - Mephitic Cloud        Conj/Pois/Air  ###.....     12%         3    None
f - Repel Missiles        Chrm/Air       #.....       12%         2    None


Dungeon Overview and Level Annotations

Branches:
Dungeon (6/15)
 Temple: D:4-7

Altars:
Ashenzari
Fedhas
Gozag
Nemelex Xobeh
Okawaru
Trog
The Shining One

Annotations:
D:6 Sigmund


Message History

Level annotation: Sigmund The adder closely misses you.
The iguana bites you. The adder misses you. The orc barely misses you.
The worker ant barely misses you. The iguana bites you!
There is a stone staircase leading up, spattered with blood here.
The adder bites you. The worker ant closely misses you.
The orc barely misses you. The iguana bites you!
* * * LOW HITPOINT WARNING * * *
The adder bites you.
* * * LOW HITPOINT WARNING * * *
You are lethally poisoned!
The adder poisons you!
You climb upwards.
* * * LOW HITPOINT WARNING * * *
You feel sick.
There is a stone staircase leading down, spattered with blood here.
Casting: Magic Dart
Confirm with . or Enter, or press ? or * to list all spells.
You blink.
The worker ant bites you.
You die...

# #.....## . #.#......#
...#.#..#...#
.............#
.......#.....#
..........S.#
......####lo.###
#...(..a.....#
#########@#..##.##
#.......#.#......#
#.#####.#.#......#
#.#...#.#....#...#
#...#.#.######.### #
###...#.# ..#.# #.
#.......# #.#.####
#.####.#.#####.##.#....#
...##.#.#...#.......#.#


You could see an iguana, a worker ant, an adder and an orc.

Vanquished Creatures
  An ice beast (D:5)
  A scorpion (D:4)
  A jelly (D:5)
  A goliath beetle (D:5)
  2 hounds
  3 orc wizards
  2 worker ants
  Terence (D:3)
  3 adders
  2 giant mites
  A worm (D:2)
  3 giant geckos
  12 orcs
  A bat skeleton (D:4)
  4 giant cockroaches
  7 hobgoblins
  11 kobolds
  2 ball pythons
  11 bats
  A giant cockroach zombie (D:6)
  2 giant gecko skeletons
  2 giant newts
  9 goblins
  3 quokkas
  9 rats
95 creatures vanquished.

Vanquished Creatures (collateral kills)
  A quasit (D:6)
  A worker ant (D:4)
  Ijyb (D:3)
  A giant cockroach (D:1)
  2 kobolds (D:3)
  4 jackals (D:1)
10 creatures vanquished.

Vanquished Creatures (others)
  A scorpion (D:6)
  A crimson imp (D:2)
  A shadow imp (D:2)
3 creatures vanquished.

Grand Total: 108 creatures vanquished

Notes
Turn   | Place    | Note
--------------------------------------------------------------
     0 | D:1      | faibistes, the Deep Elf Wizard, began the quest for the Orb.
     0 | D:1      | Reached XP level 1. HP: 10/10 MP: 6/6
    79 | D:1      | Reached XP level 2. HP: 15/15 MP: 7/10
   106 | D:1      | Learned a level 2 spell: Blink
   109 | D:1      | Learned a level 2 spell: Call Imp
   686 | D:2      | Reached skill level 5 in Spellcasting
  1192 | D:1      | Reached XP level 3. HP: 19/19 MP: 2/14
  1197 | D:1      | Learned a level 3 spell: Conjure Flame
  1201 | D:1      | Learned a level 3 spell: Mephitic Cloud
  1556 | D:2      | Found a shattered altar of Ashenzari.
  1557 | D:2      | Found a glowing golden altar of the Shining One.
  1622 | D:2      | Found a bloodstained altar of Trog.
  1960 | D:5      | Entered Level 5 of the Dungeon
  2069 | D:3      | Noticed Ijyb
  2085 | D:3      | Killed Ijyb
  2246 | D:3      | Noticed Terence
  2259 | D:3      | Killed Terence
  2259 | D:3      | Reached XP level 4. HP: 24/24 MP: 6/17
  2314 | D:3      | Learned a level 2 spell: Repel Missiles
  2572 | D:3      | Found an iron altar of Okawaru.
  2572 | D:3      | Found an opulent altar of Gozag.
  3191 | D:4      | Reached skill level 6 in Spellcasting
  3312 | D:4      | Reached XP level 5. HP: 28/28 MP: 17/20
  3837 | D:4      | Found a sparkling altar of Nemelex Xobeh.
  3919 | D:4      | Noticed a scorpion
  3926 | D:4      | Killed a scorpion
  3985 | D:4      | Reached XP level 6. HP: 32/32 MP: 16/22
  4631 | D:5      | Found a sparkling altar of Nemelex Xobeh.
  4644 | D:5      | Noticed an ice beast
  4645 | D:5      | Reached skill level 7 in Spellcasting
  4647 | D:5      | Found a blossoming altar of Fedhas.
  4676 | D:5      | Killed an ice beast
  4676 | D:5      | Reached skill level 1 in Fighting
  4676 | D:5      | Reached skill level 1 in Evocations
  5366 | D:5      | Reached XP level 7. HP: 38/38 MP: 23/25
  5598 | D:6      | Noticed Sigmund
  5767 | D:5      | Slain by a worker ant

Action                   |  1- 3 |  4- 6 |  7- 9 || total
-------------------------+-------+-------+-------++-------
Melee: Dagger            |     5 |     5 |     5 ||    15
 Cast: Magic Dart        |    82 |   154 |    20 ||   256
       Call Imp          |    11 |     5 |       ||    16
       Mephitic Cloud    |     2 |     7 |     1 ||    10
       Conjure Flame     |     2 |     6 |     6 ||    14
       Repel Missiles    |       |     2 |       ||     2
       Blink             |       |     1 |     2 ||     3
  Use: Scroll            |     5 |     1 |       ||     6
 Stab: Confused          |     2 |       |       ||     2
  Eat: Chunk             |     4 |     9 |     1 ||    14
